 Dungeon Crawl Stone Soup version 0.31-a0-204-g7da18cac08 (webtiles) character file.

Game seed: 15731231888931764997

55 qw the Shooter (level 3, 0/20 HPs)
             Began as a Deep Elf Hunter on June 27, 2023.
             Succumbed to their own poison gas
             ... on level 2 of the Dungeon.
             The game lasted 00:00:30 (1172 turns).

qw the Shooter (Deep Elf Hunter)                    Turns: 1172, Time: 00:00:31

Health: 0/20       AC:  5    Str: 10    XL:     3   Next: 67%
Magic:  5/5        EV: 11    Int: 13    God:
Gold:   113        SH:  0    Dex: 18    Spells: 2/2 levels left

rFire   . . .        Y - +0 shortbow
rCold   . . .        (shield currently unavailable)
rNeg    . . .        e - +0 ring mail
rPois   .            (no helmet)
rElec   .            (no cloak)
rCorr   .            (no gloves)
SInv    .            (no boots)
Will    .....        (no amulet)
Stlth   +            (no ring)
HPRegen 0.23/turn    (no ring)
MPRegen 0.09/turn

%: no passive effects
@: lethally poisoned (0 -> -6)
A: no striking features
a: no special abilities


You were on level 2 of the Dungeon.
You visited 1 branch of the dungeon, and saw 2 of its levels.

You collected 113 gold pieces.


   Skills:
 - Level 1.5 Fighting
 + Level 7.2 Ranged Weapons
 - Level 2.4 Dodging
 - Level 1.2 Stealth


You had 2 spell levels left.
You didn't know any spells.
Your spell library was empty.

Inventory:

Hand Weapons
 Y - a +0 shortbow (weapon)
Armour
 e - a +0 ring mail (worn)
Potions
 d - a potion of cancellation {unknown}

Dungeon Overview and Level Annotations

Branches:
Dungeon (2/15)

Altars:
Kikubaaqudgha

Shops:
D:1 *


Message History

You finish putting on your +0 ring mail.
1164 ||| DROPPING +0 leather armour.
You drop a +0 leather armour.
Done exploring.
1165 ||| READING scroll labelled IXI UMNENIWILA.
The air fills with toxic fumes!
As you read the scroll labelled IXI UMNENIWILA, it crumbles to dust.
It was a scroll of poison.
Done exploring.
1166 ||| READING scroll labelled RINOVE TEUFUXE.
As you read the scroll labelled RINOVE TEUFUXE, it crumbles to dust.
It is a scroll of amnesia.
You feel forgetful for a moment.
Done exploring.
(D) Dungeon
Where to? (* - list waypoints, Enter - D:2, ? - help)
What level of the Dungeon? (default 1, ? - help) Sorry, I don't know how to get there.
Enter note:
Enter note:
Enter note:
Enter note:
Enter note:
Enter note:
Enter note:
Enter note:
Enter note: Really walk into that cloud of poison gas?
You are engulfed in poison gas.
You are lethally poisoned!
You feel very sick.
1168 ||| Stepping ~*~*~tactically~*~*~ (cloud).
You feel very sick.
You see here a +0 leather armour.
There is a lethal amount of poison in your body!
You feel very sick.
There is a lethal amount of poison in your body!
You feel sick.
There is a lethal amount of poison in your body!
You feel sick.
There is a lethal amount of poison in your body!
You die...

#..........#
#¤0¤0¤¤....#
#¤¤¤¤¤¤....#
##0¤¤¤######
####¤0¤¤#
#¤0¤¤0¤¤#
#¤¤¤00¤0#
#0¤0¤¤¤¤#
####0¤0@#
#¤¤00#
#¤¤¤0#
#00¤¤#
######


There were no monsters in sight!

Vanquished Creatures
  An adder (D:2)
  2 worms (D:2)
  A dart slug (D:1)
  3 endoplasms
  3 goblins
  6 hobgoblins
  6 kobolds
  4 quokkas
  2 ball pythons
  2 bats (D:1)
  3 frilled lizards (D:1)
  5 rats
38 creatures vanquished.

Notes
Turn   | Place    | Note
-------+----------+-------------------------------------------
     0 | D:1      | qw the Deep Elf Hunter began the quest for the Orb.
     0 | D:1      | Reached XP level 1. HP: 12/12 MP: 3/3
     0 | D:1      | 0 ||| qw: Version: 0.3-a-22-g0ed2b0b
     0 | D:1      | 0 ||| qw: Game counter: 6372
     0 | D:1      | 0 ||| qw: Melee chars always use a shield: true
     0 | D:1      | 0 ||| qw: God list: Okawaru
     0 | D:1      | 0 ||| qw: Allow faded altars: false
     0 | D:1      | 0 ||| qw: Do Orc after clearing Dungeon:15 true
     0 | D:1      | 0 ||| qw: Do second Lair branch before Depths: true
     0 | D:1      | 0 ||| qw: Lair rune preference: random
     0 | D:1      | 0 ||| qw: Goals: Normal
     0 | D:1      | 0 ||| PLANNING D:1-11
   107 | D:1      | Reached XP level 2. HP: 16/16 MP: 4/4
   118 | D:1      | Found Esehyqov's General Store.
   120 | D:1      | Reached skill level 6 in Ranged Weapons
   140 | D:1      | 140 ||| SHOPLISTING scroll of identify (28 gold, have 0).
   163 | D:1      | Found a faded altar of an unknown god.
   543 | D:1      | 543 ||| READING scroll labelled TELAIVV FOGHA.
   546 | D:1      | 546 ||| READING scroll labelled NUCHYI XOEKHLU.
   547 | D:1      | 547 ||| READING scroll labelled QYROTHRI KEY.
   548 | D:1      | 548 ||| DROPPING scroll of butterflies.
   653 | D:2      | Reached XP level 3. HP: 20/20 MP: 5/5
   661 | D:2      | Found an ancient bone altar of Kikubaaqudgha.
   692 | D:2      | Reached skill level 7 in Ranged Weapons
  1154 | D:2      | 1154 ||| UPGRADING to +0 ring mail.
  1164 | D:2      | 1164 ||| DROPPING +0 leather armour.
  1165 | D:2      | 1165 ||| READING scroll labelled IXI UMNENIWILA.
  1166 | D:2      | 1166 ||| READING scroll labelled RINOVE TEUFUXE.
  1168 | D:2      | 1168 ||| Stepping ~*~*~tactically~*~*~ (cloud).
  1169 | D:2      | HP: 5/20 [poisoned by you (poison gas)]
  1171 | D:2      | HP: 2/20 [poisoned by you (poison gas)]
  1172 | D:2      | Succumbed to their own poison gas

Levels and vault maps discovered:
D:1:      ebering_trefoil_twist, layout_basic,
          hellmonk_ecumenical_altar_lost_god, serial_shops,
          nicolae_shop_advertising_works [nicolae_subvault_shop_adworks]
D:2:      layout_basic, basic_altar

Skill      XL: |  1  2  3 |
---------------+----------+-----
Ranged Weapons | 6 7 |  7.2
Fighting       | |  1.5
Dodging        | |  2.4
Stealth        | |  1.2

Action                     || total
---------------------------++-------
   Fire: Shortbow          ||   109
    Use: Scroll            ||     5
 Armour: Leather armour    ||     6
  Dodge: Dodged            ||    18

Table legend:
 A = Non-vault XP
 B = Vault XP
 C = Vault XP percentage of total XP
 D = Non-vault monster count
 E = Vault monster count
 F = Vault count percentage of total count
                 A         B        C        D         E       F
            +---------+---------+-------+---------+---------+-------
      Total |      79 |       0 |   0.0 |      38 |       0 |   0.0
            +---------+---------+-------+---------+---------+-------
        D:1 |      31 |       0 |   0.0 |      19 |       0 |   0.0
        D:2 |      48 |       0 |   0.0 |      19 |       0 |   0.0
            +---------+---------+-------+---------+---------+-------
